Map: Frozen Temple

Players

NeXa - Winner!

  • Race: Protoss Protoss
  • League: Grandmaster

Miszu

  • Race: Protoss Protoss
  • League: Grandmaster

VOD

Have the link to the VOD?

Description

Time

  • Played on: June 1, 2016, 3:10 p.m.
  • Length: 5:32
Show
View Real Time Build Order
Export as new Build Order

NeXa Protoss - Winner!

Build Orders:  

Get SALT Encoding   

  12  0:01  Probe (Chrono Boost)  
  13  0:11  Probe (Chrono Boost)  
  14  0:18  Pylon  
  14  0:22  Probe (Chrono Boost)  
  15  0:36  Probe (Chrono Boost)  
  15  0:37  Gateway  
  16  0:44  Assimilator  
  16  0:47  Probe (Chrono Boost)  
  17  0:54  Assimilator  
  17  0:57  Probe (Chrono Boost)  
  18  1:09  Gateway  
  18  1:12  Probe (Chrono Boost)  
  19  1:20  Assimilator  
  19  1:29  Cybernetics Core  
  20  1:32  Probe (Chrono Boost)  
  20  1:43  Probe (Chrono Boost)  
  20  1:45  Pylon  
  21  1:54  Probe (Chrono Boost)  
  22  2:04  Probe (Chrono Boost)  
  23  2:10  Stalker x2  
  23  2:14  Warp Gate (Chrono Boost)  
  27  2:26  Pylon  
  27  2:27  Mothership Core  
  29  2:45  Stalker x2  
  33  3:05  Gateway  
  32  3:19  Probe  
  32  3:22  Gateway  
  32  3:31  Probe  
  33  3:34  Pylon  
  33  4:03  Stalker x3  
  39  4:26  Zealot x2  
  39  4:27  Zealot x2  
  39  4:30  Pylon  
  41  4:55  Zealot x4  
  41  5:17  Stalker  
  41  5:18  Stalker x3  
Show
View Real Time Build Order
Export as new Build Order

Miszu Protoss 

Build Orders:  

Get SALT Encoding   

  12  0:02  Probe (Chrono Boost)  
  13  0:13  Probe (Chrono Boost)  
  14  0:18  Pylon  
  14  0:23  Probe (Chrono Boost)  
  15  0:36  Probe (Chrono Boost)  
  15  0:42  Gateway  
  16  0:47  Probe (Chrono Boost)  
  17  0:51  Assimilator  
  17  0:58  Probe (Chrono Boost)  
  18  1:08  Gateway, Probe (Chrono Boost)  
  19  1:15  Pylon  
  19  1:19  Probe (Chrono Boost)  
  20  1:29  Cybernetics Core  
  20  1:31  Probe (Chrono Boost)  
  21  1:59  Nexus  
  21  2:05  Adept  
  21  2:06  Adept  
  25  2:11  Warp Gate (Chrono Boost)  
  25  2:22  Pylon  
  25  2:32  Stalker  
  25  2:33  Stalker  
  29  2:40  Probe  
  30  2:52  Probe  
  31  2:59  Assimilator  
  31  3:01  Assimilator  
  29  3:06  Stalker x2  
  31  3:31  Probe  
  33  3:35  Gateway  
  36  3:43  Probe  
  36  3:45  Mothership Core  
  35  3:55  Probe  
  36  4:01  Zealot  
  36  4:02  Stalker  
  40  4:05  Probe  
  40  4:06  Robotics Facility  
  40  4:07  Probe  
  42  4:15  Probe  
  39  4:26  Stalker x2  
  43  4:32  Probe  
  43  4:33  Probe  
  45  4:40  Stalker  
  45  4:45  Probe  
  48  4:51  Mothership Core  
  38  4:58  Stalker  
Tags
 
Add a new tag
Caveats
  • Supply blocks, unpowered buildings, or Contaminate may cause inaccurate times.
  • Supply counts are checked every 10 seconds.